 Dungeon Crawl Stone Soup version 0.21-a0-496-g696f58f537 (webtiles) character file.

1055 Infinimo the Ruffian (level 8, 0/58 HPs)
             Began as a Demonspawn Fighter on Nov 23, 2017.
             Was a Believer of Makhleb.
             Slain by a spriggan baker
             ... wielding a +0 dagger
              (13 damage)
             ... on level 7 of the Dungeon.
             The game lasted 00:10:52 (5346 turns).

Infinimo the Ruffian (Demonspawn Fighter)           Turns: 5346, Time: 00:10:53

Health: 0/58       AC:  7    Str: 18    XL:     8   Next: 5%
Magic:  8/8        EV: 11    Int: 10    God:    Makhleb [**....]
Gold:   459        SH:  9    Dex: 13    Spells: 7/7 levels left

rFire    . . .     SeeInvis +     - Unarmed
rCold    . . .     Gourm    .   c - +0 shield
rNeg     . . .     Faith    .   h - +3 robe of Clouds {+Fly rElec}
rPois    .         Spirit   .   (no helmet)
rElec    +         Reflect  .   y - +1 cloak
rCorr    .         Harm     .   (no gloves)
MR       .....                  (no boots)
Stlth    +.........             i - amulet of magic regeneration
HPRegen  0.19/turn              w - ring of see invisible
MPRegen  0.36/turn              n - +3 ring of evasion

@: very slightly contaminated, invisible
A: claws 2, demonic guardian 1, powered by death 1, sturdy frame 1
a: Minor Destruction, Renounce Religion, Evoke Flight


You were on level 7 of the Dungeon.
You worshipped Makhleb.
Makhleb was pleased with you.
You were not hungry.

You visited 1 branch of the dungeon, and saw 7 of its levels.

You collected 459 gold pieces.

Inventory:

Hand Weapons
 a - a +0 trident
Armour
 c - a +0 shield (worn)
 h - the +3 robe of Clouds (worn) {+Fly rElec}
   (You found it on level 4 of the Dungeon)

   It insulates you from electricity.
   It lets you fly.
 y - a +1 cloak (worn)
Jewellery
 i - an amulet of magic regeneration (around neck)
 n - a +3 ring of evasion (right claw)
 p - a +2 ring of intelligence
 w - a ring of see invisible (left claw)
 E - a +6 ring of evasion
Scrolls
 r - 4 scrolls of teleportation
 t - 2 scrolls of blinking
 u - 2 scrolls of magic mapping
 D - 2 scrolls of enchant armour
Potions
 b - a potion of magic {unknown}
 d - 3 potions of might
 e - a potion of brilliance {unknown}
 g - a potion of flight {unknown}
 j - 2 potions of berserk rage {unknown}
 k - a potion of cancellation {unknown}
 q - 4 potions of curing
 s - a potion of invisibility
 v - 2 potions of heal wounds {unknown}
 x - a potion of agility {unknown}
 z - a potion of ambrosia {unknown}
Books
 o - a book of Minor Magic

   Spells                             Type                      Level
   a - Magic Dart                     Conjuration                  1
   b - Blink                          Translocation                2
   c - Call Imp                       Summoning                    2
   d - Slow                           Hexes                        2
   e - Conjure Flame                  Conjuration/Fire             3
   f - Mephitic Cloud                 Conjuration/Poison/Air       3
 A - a book of Misfortune

   Spells                             Type                      Level
   a - Confusing Touch                Hexes                        1
   b - Confuse                        Hexes                        3
   c - Gell's Gravitas                Translocation                3
   d - Petrify                        Transmutation/Earth          4
   e - Metabolic Englaciation         Hexes/Ice                    5
   f - Yara's Violent Unravelling     Hexes/Transmutation          5
Comestibles
 f - 2 bread rations
 l - a meat ration
 m - 6 royal jellies
 C - 4 fruits


   Skills:
 - Level 3.0 Fighting
 - Level 5.1 Polearms
 - Level 2.7 Armour
 - Level 2.7 Shields
 * Level 7.0 Unarmed Combat


You had 7 spell levels left.
You didn't know any spells.

Dungeon Overview and Level Annotations

Branches:
Dungeon (7/15)             Temple (0/1) D:5

Altars:
Elyvilon
Kikubaaqudgha
Makhleb
Yredelemnul
Zin
The Shining One


Innate Abilities, Weirdness & Mutations

You have very sharp fingernails.
A weak demonic guardian rushes to your aid.
You regenerate a little health from kills.
Your movements are slightly less encumbered by armour. (ER -2)


Message History

The spriggan baker is heavily wounded.
Your quasit disappears in a puff of smoke!
The spriggan baker is heavily wounded.
The spriggan baker hits you with a dagger.
* * * LOW HITPOINT WARNING * * *
You enter the shallow water.
Moving in this stuff is going to be slow. ...and don't expect to remain undetected.
Your ufetubus hits the spriggan baker but does no damage.
The spriggan baker hits your ufetubus but does no damage.
Your ufetubus hits the spriggan baker. x2
Things that are here:
a club; a chain mail The spriggan baker hits your ufetubus with a dagger!
Your ufetubus dies!
There is an open door here.
You see here a sky beast corpse.
There is an open door here.
The spriggan baker hits you with a dagger!
You die...

.. #######...
#.........
######.........
#....'.........
#.####.........
#<# #.........
#.######.........
.........@.......
...######i####...
#.# .. ## #ยง##
#..#))####.##
####'#).'...%.#
.........#####.#
.........#
##.......#


You could see a spriggan baker.

Vanquished Creatures
  An ice beast (D:6)
  2 sky beasts
  A centaur (D:5)
  A scorpion (D:4)
  A hound (D:6)
  3 jellies (D:6)
  A centaur skeleton (D:4)
  Natasha (D:3)
  3 worker ants (D:5)
  2 worker ant zombies (D:6)
  11 adders
  3 oozes
  An adder zombie (D:4)
  2 worms
  A dart slug (D:5)
  3 leopard geckos
  17 orcs
  6 bats
  9 giant cockroaches
  4 goblins
  4 jackals (D:6)
  3 quokkas
  4 frilled lizards
  A jackal skeleton (D:6)
  4 kobolds
  A leopard gecko skeleton (D:5)
  A leopard gecko zombie (D:5)
  12 rats
  A fungus (D:1)
104 creatures vanquished.

Vanquished Creatures (collateral kills)
  An ogre (D:4)
  A centaur (D:6)
  An orc priest (D:3)
  Natasha (twice) (D:3)
  2 orcs (D:7)
  A quokka (D:5)
8 creatures vanquished.

Grand Total: 112 creatures vanquished

Notes
Turn   | Place    | Note
-------+----------+-------------------------------------------
     0 | D:1      | Infinimo the Demonspawn Fighter began the quest for the Orb.
     0 | D:1      | Reached XP level 1. HP: 18/18 MP: 1/1
   118 | D:1      | Gained mutation: Your movements are slightly less encumbered by armour. (ER -2) [demonic ancestry]
   118 | D:1      | Reached XP level 2. HP: 24/24 MP: 2/2
   811 | D:2      | Gained mutation: A weak demonic guardian rushes to your aid. [demonic ancestry]
   811 | D:2      | Reached XP level 3. HP: 29/29 MP: 3/3
  1496 | D:3      | Noticed Natasha
  1506 | D:3      | Killed Natasha
  1728 | D:3      | Found a burning altar of Makhleb.
  1775 | D:3      | Became a worshipper of Makhleb the Destroyer
  1833 | D:3      | Gained mutation: You have sharp fingernails. [demonic ancestry]
  1833 | D:3      | Reached XP level 4. HP: 35/35 MP: 4/4
  1890 | D:3      | Noticed Natasha
  1897 | D:3      | Killed Natasha
  2117 | D:3      | Noticed Natasha
  2124 | D:3      | Killed Natasha
  2124 | D:3      | Reached XP level 5. HP: 40/41 MP: 5/5
  2254 | D:3      | Reached * piety under Makhleb
  2295 | D:3      | Reached skill level 5 in Polearms
  2600 | D:4      | Found the +3 robe of Clouds {+Fly rElec}
  2667 | D:4      | Reached skill level 1 in Unarmed Combat
  2795 | D:4      | Found a white marble altar of Elyvilon.
  2908 | D:4      | Reached skill level 2 in Unarmed Combat
  2908 | D:4      | Reached XP level 6. HP: 43/47 MP: 6/6
  2932 | D:4      | Found an ancient bone altar of Kikubaaqudgha.
  2951 | D:4      | Reached skill level 3 in Unarmed Combat
  3527 | D:4      | Found a basalt altar of Yredelemnul.
  3602 | D:5      | Entered Level 5 of the Dungeon
  3804 | D:5      | Reached skill level 4 in Unarmed Combat
  4042 | D:5      | Found a staircase to the Ecumenical Temple.
  4105 | D:5      | Found a glowing golden altar of the Shining One.
  4322 | D:6      | Gained mutation: You have very sharp fingernails. [demonic ancestry]
  4322 | D:6      | Reached XP level 7. HP: 52/52 MP: 7/7
  4338 | D:5      | Reached ** piety under Makhleb
  4532 | D:6      | Reached skill level 5 in Unarmed Combat
  4698 | D:6      | Reached skill level 6 in Unarmed Combat
  5000 | D:6      | Found a glowing silver altar of Zin.
  5312 | D:7      | Reached skill level 7 in Unarmed Combat
  5312 | D:7      | Gained mutation: You regenerate a little health from kills. [demonic ancestry]
  5312 | D:7      | Reached XP level 8. HP: 58/58 MP: 8/8
  5346 | D:7      | Slain by a spriggan baker

Vault maps used:
D:1:      dpeg_arrival_court, minmay_gold_behind_fungi
D:3:      overflow_temple_1_default, uniq_natasha
D:4:      kennysheep_ying_yang, nicolae_overflow_hidden_temple
D:5:      tso_metal_star, minmay_temple_entry_mist, first_bread
D:6:      kennysheep_mini_moat
D:7:      dancing_weapons_uskayaw, grunt_temple_overflow_open, serial_curves,
          eino_curves_03, eino_curves_01, the_bakery, nicolae_alphabet_shops

Skill      XL: |  1  2  3  4  5  6  7 |
---------------+----------------------+-----
Polearms       | 2 3 4 5 |  5.1
Unarmed Combat | 2 4 7 |  7.0
Fighting       | |  3.0
Armour         | |  2.7
Shields        | |  2.7

Action                   |  1- 3 |  4- 6 |  7- 9 || total
-------------------------+-------+-------+-------++-------
Melee: Trident           |   125 |   200 |     5 ||   330
       Unarmed           |       |       |   103 ||   103
  Use: Scroll            |     4 |     7 |     2 ||    13
       Potion            |       |       |     1 ||     1
 Stab: Distracted        |       |     1 |     1 ||     2
       Sleeping          |       |     1 |       ||     1
  Eat: Chunk             |     3 |     8 |     1 ||    12
       Bread ration      |       |       |     1 ||     1
Armor: Scale mail        |    38 |    21 |       ||    59
       Robe              |       |    19 |    28 ||    47
Dodge: Dodged            |    24 |    56 |    55 ||   135
Block: Shield            |    30 |    66 |    52 ||   148

Table legend:
 A = Spawn XP
 B = Non-spawn XP
 C = Spawn XP percentage of total XP
 D = Spawn monster count
 E = Non-spawn monster count
 F = Spawn count percentage of total count
 G = Total turns spent on level
                    A         B        C        D         E        F      G
               +---------+---------+-------+---------+---------+-------+---------
         Total |       0 |    1508 |   0.0 |       0 |     111 |   0.0 |  5346
               +---------+---------+-------+---------+---------+-------+---------
           D:1 |       0 |      37 |   0.0 |       0 |      21 |   0.0 |   806
           D:2 |       0 |      21 |   0.0 |       0 |      11 |   0.0 |   690
           D:3 |       0 |     196 |   0.0 |       0 |      27 |   0.0 |  1097
           D:4 |       0 |     239 |   0.0 |       0 |      10 |   0.0 |  1009
           D:5 |       0 |     298 |   0.0 |       0 |      17 |   0.0 |   906
           D:6 |       0 |     576 |   0.0 |       0 |      20 |   0.0 |   771
           D:7 |       0 |     141 |   0.0 |       0 |       5 |   0.0 |    67
               +---------+---------+-------+---------+---------+-------+---------
